Description

pub

Build Order

Get SALT Encoding   

  14  0:18  Supply Depot  
  15  0:30  Refinery  
  16  0:45  Barracks  produce nonstop marines
  19  1:30  Marine, Orbital Command, Command Center  
  20  1:50  Reactor  
  20  2:00  Factory  Mule
  21  2:10  Supply Depot  
  22  2:15  Refinery  
  28  2:45  Widow Mine x2, Starport  
  31  2:50  Orbital Command  Mules
  37  3:20  Viking  Send Widows into Mineral Lines before 3:30
  39  3:30  Barracks x2  
  39  3:45  Tech Lab x2  
  39  3:50  Engineering Bay  Remember continuesly producing SCV/Marine
  45  4:10  Terran Infantry Weapons Level 1, Reactor x2  Startport/Factory Switch
  50  4:25  Stimpack, Combat Shields  At around 4:40 scout third base; Build Marauders/Marines/Medivac/Widow Mine
  89  6:00  Barracks x2, Refinery x2, Terran Infantry Armor Level 1, Command Center  Start running at around 5:50 with upgrades and 90+ supply at 6:20 hit
Spawning Tool Build Advisor. Get it on Overwolf

Analysis

lish

Go to:

Details

  • Created by: ayylmao
  • Published on: Nov 03, 2017
  • Modified on: Nov 03, 2017
  • Patch: 3.8.0
Show
View Real Time Build Order
Export as new Build Order

Comments (0)

There are no comments. Be the first!

Create an account to comment!